Map: Kairos Junction LE

Players

zuka - Winner!

  • Race: Protoss Protoss
  • League: Master
  • Spawn Location: 11:00

A.I. 1 (Very Easy)

  • Race: Terran Terran
  • Spawn Location: 5:00

VOD

Have the link to the VOD?

Description

Time

  • Played on: Dec. 31, 2018, 6:58 a.m.
  • Length: 11:11
Show
View Real Time Build Order
Export as new Build Order

zuka Protoss - Winner!

Build Orders: Archon Immortal 

Get SALT Encoding   

  12  0:01  Probe  
  13  0:13  Probe  
  14  0:17  Pylon  
  14  0:22  Probe  
  15  0:31  Probe  
  16  0:37  Gateway  
  16  0:39  Probe  
  16  0:46  Assimilator  
  17  0:51  Probe  
  17  0:56  Assimilator  
  18  1:03  Probe  
  19  1:10  Gateway  
  19  1:11  Probe  
  20  1:19  Probe  
  21  1:28  Cybernetics Core  
  21  1:30  Probe  
  22  1:39  Pylon  
  22  1:42  Probe  
  23  1:56  Warp Gate  
  23  1:57  Probe  
  24  2:04  Stalker  
  24  2:05  Stalker  
  28  2:09  Probe  
  29  2:16  Pylon  
  29  2:21  Probe  
  30  2:34  Stalker  
  30  2:35  Stalker  
  34  2:59  Nexus  
  34  3:13  Robotics Facility, Probe  
  35  3:21  Pylon  
  35  3:25  Probe  
  36  3:33  Shield Battery  
  36  3:34  Probe  
  37  3:42  Probe  
  38  3:52  Immortal, Probe  
  43  4:04  Probe  
  44  4:11  Probe  
  44  4:16  Probe  
  46  4:19  Gateway  
  46  4:22  Gateway  
  46  4:23  Probe  
  47  4:29  Assimilator  
  47  4:31  Observer  
  48  4:32  Probe  
  48  4:33  Assimilator  
  48  4:35  Probe  
  50  4:42  Twilight Council  
  50  4:44  Immortal, Probe  
  51  4:48  Probe  
  52  4:56  Probe  
  57  5:00  Probe  
  57  5:04  Pylon  
  58  5:09  Zealot  
  58  5:10  Zealot  
  62  5:18  Charge  
  62  5:22  Probe x2  
  62  5:25  Pylon  
  64  5:31  Templar Archives  
  64  5:32  Immortal  
  64  5:34  Probe x2  
  70  5:44  Pylon  
  70  5:56  Nexus  
  70  6:07  Forge  
  70  6:09  Forge  
  70  6:10  High Templar x2  
  74  6:13  High Templar  
  74  6:14  High Templar  
  74  6:15  Archon  
  74  6:16  Protoss Ground Armor Level 1  
  74  6:17  Archon  
  78  6:18  Probe x2  
  78  6:22  Protoss Ground Weapons Level 1  
  78  6:23  Pylon  
  80  6:30  Probe  
  80  6:31  Gateway  
  81  6:40  Gateway  
  81  6:44  Pylon  
  81  6:46  Probe x2  
  83  6:54  High Templar x2  
  83  6:58  Probe x2  
  83  7:01  Archon  
  89  7:04  High Templar  
  89  7:05  High Templar, Pylon  
  93  7:08  Archon  
  93  7:09  Probe  
  93  7:10  Probe x2  
  93  7:11  Immortal  
  96  7:17  Gateway  
  96  7:18  Gateway  
  96  7:21  Probe  
  101  7:25  Probe x2  
  103  7:33  Probe  
  103  7:35  Zealot x2  
  108  7:37  Probe x2  
  108  7:43  Pylon  
  108  7:44  Protoss Ground Armor Level 2  
  110  7:45  High Templar x2, Probe  
  110  7:46  Zealot x2  
  110  7:48  Protoss Ground Weapons Level 2  
  110  7:49  Probe x2  
  110  7:51  Archon  
  121  7:56  Pylon  
  121  7:57  Pylon, Probe  
  122  7:59  Assimilator  
  122  8:01  Assimilator, Probe  
  123  8:09  Zealot x2  
  127  8:19  Gateway, Probe  
  128  8:21  Gateway  
  128  8:23  Pylon  
  128  8:28  Zealot x2  
  128  8:29  Zealot x2  
  128  8:33  High Templar  
  138  8:34  High Templar  
  138  8:38  Archon  
  140  8:42  Pylon  
  140  8:51  Gateway  
  140  8:53  High Templar x2  
  140  8:54  Zealot x2  
  140  8:55  Pylon, Zealot x2  
  152  8:57  Warp Prism  
  152  8:59  Archon  
  154  9:02  Pylon  
  154  9:15  High Templar  
  155  9:17  High Templar  
  155  9:18  Zealot x5  
  155  9:19  Zealot  
  155  9:21  Archon  
  169  9:27  Pylon  
  169  9:33  Observer, Pylon  
  169  9:34  Pylon  
  169  9:35  Pylon  
  169  9:36  High Templar x2  
  174  9:39  Zealot x3  
  174  9:42  Archon  
  180  9:47  Zealot x2  
  180  9:48  Zealot  
  180  9:49  Zealot  
  188  9:55  High Templar x2  
  192  10:00  Zealot x3  
  192  10:06  Archon  
  198  10:18  Nexus  
  198  10:20  Pylon  
  198  10:32  Zealot  
  200  10:44  Pylon  
  200  10:46  Pylon  
  200  10:47  Gateway  
  200  10:48  Gateway  
  200  11:02  Gateway  
  200  11:03  Gateway  
  200  11:06  Gateway  
  200  11:09  Gateway  
Show
View Real Time Build Order
Export as new Build Order

A.I. 1 (Very Easy) Terran 

Build Orders:  

Get SALT Encoding   

  12  0:00  SCV  
  13  0:13  SCV  
  14  0:19  Supply Depot  
  14  0:37  Refinery  
  14  0:42  Barracks  
  14  1:04  Supply Depot  
  14  1:12  Refinery  
  14  1:29  Marine  
  14  1:30  SCV  
  16  1:42  SCV  
  17  1:54  SCV  
  17  2:00  Marine  
  19  2:06  SCV  
  20  2:18  SCV  
  21  2:30  SCV  
  21  2:31  Marine  
  23  2:43  Orbital Command  
  23  3:06  Marine  
  23  3:10  Supply Depot  
  24  3:34  Marine  
  25  5:39  Barracks Tech Lab, SCV  
  25  5:41  Factory  
  26  5:43  Supply Depot  
  26  5:51  SCV  
  27  5:59  Marauder  
  27  6:04  SCV  
  30  6:16  SCV  
  26  6:27  Starport  
  26  6:28  SCV  
  26  6:31  Marine  
  28  6:46  Command Center  
  28  7:04  Marine, Starport Tech Lab  
  29  7:23  Raven  
  31  7:37  Marine  
  32  7:59  SCV  
  33  8:06  SCV, Raven  
  33  8:07  Refinery  
  33  8:09  Refinery  
  33  8:10  Marine  
  37  8:13  SCV  
  38  8:21  SCV  
  39  8:28  SCV  
  40  8:35  SCV  
  41  8:42  SCV  
  42  8:49  SCV  
  43  8:56  SCV  
  44  9:04  SCV  
  45  9:11  SCV  
  46  9:18  SCV  
  47  9:25  SCV  
  48  9:32  SCV  
  49  9:40  SCV  
  50  10:22  Marine  
  45  10:38  SCV  
  29  10:45  Supply Depot  
  24  10:50  SCV  
  2  11:06  Factory Tech Lab  
Tags
 
Add a new tag
Caveats
  • Supply blocks, unpowered buildings, or Contaminate may cause inaccurate times.
  • Supply counts are checked every 10 seconds.